Map: Catalyst LE

Players

Reynor

  • Race: Zerg Zerg
  • Spawn Location: 5:00

Classic - Winner!

  • Race: Protoss Protoss
  • Spawn Location: 11:00

Event: WESG 2017 Haikou

VOD

Have the link to the VOD?

Description

Time

  • Played on: March 14, 2018, 4:26 a.m.
  • Length: 17:09

All games in this series

Show
View Real Time Build Order
Export as new Build Order

Reynor Zerg 

Build Orders: Hatch First, Lurkers, Roach Hydra 

Get SALT Encoding   

  12  0:00  Drone  
  13  0:12  Overlord  
  13  0:17  Drone  
  14  0:31  Drone x2  
  16  0:49  Drone x2  
  18  0:57  Hatchery  
  18  1:02  Drone  
  18  1:17  Drone, Extractor  
  18  1:19  Spawning Pool  
  18  1:22  Drone  
  18  1:28  Drone  
  19  1:38  Drone  
  20  1:49  Overlord  
  20  2:06  Zergling x2  
  20  2:07  Queen  
  23  2:09  Queen, Zergling x2  
  23  2:10  Drone  
  27  2:18  Metabolic Boost  
  27  2:20  Drone  
  27  2:21  Drone  
  29  2:40  Hatchery  
  29  2:42  Drone  
  29  2:44  Drone  
  29  2:47  Drone  
  31  2:52  Zergling x2  
  31  2:54  Overlord  
  31  2:57  Zergling x2  
  33  3:04  Queen  
  34  3:08  Drone  
  34  3:12  Drone  
  34  3:14  Spore Crawler  
  34  3:15  Drone  
  35  3:21  Drone x3  
  35  3:22  Drone  
  35  3:24  Drone  
  40  3:29  Spore Crawler  
  40  3:32  Drone  
  40  3:35  Drone  
  41  3:44  Drone  
  41  3:45  Overlord  
  42  3:49  Drone  
  42  3:50  Drone, Spore Crawler  
  42  3:52  Drone x2  
  45  3:58  Drone x3  
  48  4:03  Queen  
  48  4:06  Extractor, Drone  
  50  4:15  Spore Crawler  
  50  4:16  Lair  
  50  4:17  Overlord  
  50  4:20  Overlord  
  51  4:27  Roach Warren  
  51  4:29  Spore Crawler  
  51  4:30  Extractor  
  51  4:31  Drone  
  49  4:34  Overlord  
  49  4:38  Drone x4  
  49  4:40  Drone  
  49  4:44  Drone x2  
  56  4:47  Drone x2  
  56  4:48  Drone  
  56  4:51  Drone  
  60  4:53  Drone x2  
  60  4:56  Overlord  
  62  5:03  Drone x2  
  62  5:05  Extractor  
  63  5:07  Overlord  
  63  5:09  Roach x3  
  63  5:11  Roach  
  63  5:14  Roach  
  73  5:17  Roach x2  
  73  5:19  Drone x2  
  79  5:21  Roach  
  79  5:26  Glial Reconstitution  
  81  5:29  Evolution Chamber  
  81  5:30  Roach  
  81  5:31  Drone x3  
  81  5:32  Drone  
  81  5:34  Extractor  
  85  5:41  Overlord  
  85  5:42  Roach x2  
  89  5:48  Overlord  
  89  5:53  Overlord  
  86  5:59  Drone  
  86  6:00  Drone x4  
  86  6:03  Zerg Missile Weapons Level 1  
  90  6:05  Overlord  
  90  6:06  Drone  
  90  6:07  Drone  
  90  6:08  Drone x3  
  90  6:10  Drone  
  95  6:11  Drone  
  95  6:12  Hydralisk Den, Extractor, Drone x2  
  96  6:20  Drone x2  
  96  6:22  Drone  
  96  6:23  Hatchery  
  96  6:24  Extractor  
  97  6:28  Drone x2  
  99  6:36  Roach x2  
  99  6:38  Overseer  
  103  6:42  Hydralisk x3, Overlord  
  103  6:43  Hydralisk  
  103  6:46  Drone x2  
  113  6:47  Grooved Spines  
  113  6:52  Overlord  
  113  6:56  Overlord  
  113  7:00  Evolution Chamber  
  113  7:01  Hydralisk x3, Infestation Pit  
  112  7:06  Roach x2  
  112  7:08  Overlord  
  122  7:10  Hydralisk x2  
  122  7:13  Roach x2  
  129  7:19  Drone x3  
  129  7:20  Drone  
  129  7:21  Lurker Den  
  129  7:22  Drone, Overlord  
  133  7:25  Drone x2  
  135  7:38  Hydralisk x4  
  135  7:42  Drone x3  
  135  7:43  Drone  
  135  7:44  Drone x2  
  149  7:45  Drone x2, Infestation Pit  
  149  7:46  Hydralisk  
  149  7:50  Drone  
  153  7:57  Hydralisk x2  
  153  7:58  Muscular Augments, Drone x2  
  158  8:00  Extractor  
  158  8:01  Extractor, Queen  
  158  8:04  Zerg Missile Weapons Level 2  
  159  8:08  Overlord  
  159  8:11  Overlord  
  159  8:13  Zerg Ground Armor Level 1  
  159  8:19  Overlord  
  159  8:33  Hydralisk x4, Hive  
  159  8:37  Roach x4  
  167  8:41  Roach x3  
  167  8:43  Overlord  
  167  8:44  Hydralisk  
  167  8:48  Overlord  
  175  8:49  Hydralisk x2  
  175  8:54  Overlord  
  175  8:55  Overlord  
  175  8:58  Hatchery  
  175  9:00  Lurker x2  
  175  9:01  Lurker  
  175  9:04  Lurker  
  175  9:05  Zergling x10  
  175  9:08  Hydralisk x2  
  185  9:14  Hydralisk x2  
  185  9:15  Hydralisk, Zergling x4  
  188  9:20  Lurker x3  
  191  9:24  Lurker  
  191  9:29  Lurker  
  189  9:35  Pneumatized Carapace  
  189  9:38  Hydralisk x2  
  181  9:39  Zergling x14  
  181  9:43  Hydralisk x3, Hatchery  
  181  9:45  Zergling x4  
  199  9:48  Overlord  
  199  9:52  Adaptive Talons  
  199  10:07  Overseer  
  199  10:12  Hydralisk x3  
  199  10:13  Zergling x4  
  199  10:17  Roach x2  
  195  10:22  Zerg Missile Weapons Level 3  
  195  10:29  Hydralisk x2  
  195  10:45  Hydralisk  
  195  10:46  Hydralisk  
  199  10:56  Drone x3  
  196  10:59  Hydralisk x3, Spire  
  195  11:08  Hydralisk x2  
  185  11:40  Hydralisk x3  
  185  11:41  Zergling x14  
  185  11:46  Hydralisk  
  198  11:52  Overseer  
  188  11:55  Hydralisk x2, Spine Crawler, Zergling x4  
  188  11:56  Spine Crawler  
  188  11:59  Overlord  
  164  12:04  Hydralisk  
  164  12:05  Hydralisk, Zergling x4  
  144  12:10  Queen  
  144  12:11  Zerg Flyer Weapons Level 1  
  144  12:12  Hydralisk  
  143  12:19  Hydralisk x3  
  143  12:20  Zerg Ground Armor Level 2  
  147  12:25  Burrow  
  147  12:27  Hydralisk x2  
  147  12:28  Zergling x4  
  147  12:33  Lurker x3  
  147  12:34  Lurker x3  
  153  12:38  Hydralisk x6  
  165  12:44  Hydralisk x2  
  165  12:45  Extractor, Zergling x4  
  165  12:48  Queen  
  172  12:54  Hydralisk  
  172  12:55  Hydralisk x4  
  172  12:56  Zergling x2  
  175  13:09  Hatchery  
  175  13:10  Corruptor x3  
  180  13:14  Extractor  
  180  13:16  Zergling x2  
  180  13:17  Zergling x6  
  180  13:19  Overlord x4  
  183  13:21  Overlord  
  183  13:23  Overlord  
  183  13:28  Overlord  
  183  13:32  Queen  
  182  13:34  Overlord  
  182  13:38  Corruptor x5, Overlord  
  192  13:46  Zergling x14  
  192  13:47  Zergling x2  
  174  13:57  Corruptor x2  
  174  13:58  Corruptor x2  
  174  14:00  Zergling x8  
  174  14:01  Hydralisk x2  
  179  14:14  Hydralisk x2, Zergling x4  
  179  14:15  Hydralisk, Zergling x6  
  177  14:20  Hydralisk  
  177  14:23  Hydralisk x3  
  179  14:27  Drone  
  179  14:31  Hydralisk  
  178  14:36  Hydralisk  
  178  14:37  Hydralisk, Zergling x6  
  178  14:38  Zergling x10  
  192  14:41  Hydralisk  
  192  14:43  Hydralisk  
  192  14:44  Hydralisk  
  196  14:55  Hydralisk  
  196  14:56  Hydralisk  
  197  15:05  Hydralisk  
  197  15:06  Hydralisk x3, Zergling x4  
  197  15:07  Zergling x2  
  200  15:11  Drone  
  200  15:12  Drone x2  
  198  15:14  Corruptor x2  
  200  15:24  Overseer x3  
  199  15:37  Overlord  
  191  15:48  Hydralisk x7  
  191  15:49  Zergling x8  
  182  15:56  Hydralisk x3, Zergling x4  
  182  15:57  Zergling x4  
  182  15:59  Hydralisk x2  
  182  16:00  Zergling x6  
  144  16:19  Hydralisk x3  
  144  16:20  Zergling x6  
  144  16:21  Overseer  
  144  16:22  Hydralisk x2  
  113  16:29  Hydralisk x2  
  113  16:30  Zergling x2  
  113  16:31  Zergling x2  
  95  16:40  Hydralisk x2  
  95  16:41  Zergling x2  
Show
View Real Time Build Order
Export as new Build Order

Classic Protoss - Winner!

Build Orders: 1 Gate Expand, Oracle Opening, Phoenix Opening, Archon Immortal, Carriers, Zealot Archon, Archon Drop 

Get SALT Encoding   

  12  0:00  Probe  
  13  0:12  Probe  
  14  0:17  Pylon  
  14  0:24  Probe (Chrono Boost)  
  15  0:36  Probe (Chrono Boost)  
  15  0:38  Gateway  
  16  0:44  Probe (Chrono Boost)  
  16  0:49  Assimilator  
  17  0:51  Probe  
  18  1:04  Probe  
  19  1:16  Probe  
  20  1:26  Nexus  
  20  1:30  Probe  
  21  1:40  Cybernetics Core  
  21  1:42  Probe  
  22  1:49  Assimilator  
  22  1:55  Pylon  
  22  1:57  Probe  
  23  2:13  Probe  
  23  2:14  Adept (Chrono Boost)  
  24  2:20  Stargate  
  26  2:25  Probe  
  26  2:27  Warp Gate  
  27  2:33  Adept  
  29  2:37  Probe (Chrono Boost)  
  29  2:38  Probe (Chrono Boost)  
  31  2:47  Probe x2 (Chrono Boost)  
  33  2:52  Probe x2 (Chrono Boost)  
  35  3:01  Oracle (Chrono Boost)  
  35  3:04  Probe x2  
  40  3:08  Pylon  
  40  3:16  Probe  
  40  3:17  Probe  
  40  3:18  Adept  
  42  3:22  Gateway  
  42  3:28  Probe  
  42  3:29  Probe  
  42  3:31  Phoenix  
  46  3:36  Assimilator  
  46  3:38  Assimilator  
  46  3:41  Probe x2  
  48  3:51  Robotics Facility  
  48  3:53  Probe  
  48  3:54  Probe  
  50  4:00  Twilight Council  
  50  4:04  Pylon  
  50  4:05  Probe  
  50  4:06  Probe  
  52  4:17  Probe  
  52  4:18  Probe  
  52  4:21  Gateway x2  
  54  4:30  Pylon  
  54  4:31  Zealot  
  54  4:32  Zealot  
  54  4:35  Warp Prism (Chrono Boost)  
  60  4:44  Templar Archives  
  60  4:46  Charge  
  60  4:59  Nexus  
  60  5:02  Pylon  
  60  5:06  Probe x2  
  62  5:18  Probe x2  
  64  5:27  Forge  
  64  5:29  High Templar x4  
  64  5:30  Probe x2, Shield Battery  
  64  5:33  Archon x2  
  64  5:35  Observer  
  75  5:38  Gateway  
  75  5:39  Gateway  
  75  5:42  Probe  
  75  5:44  Pylon  
  76  5:57  Immortal (Chrono Boost)  
  76  6:01  Probe x2  
  76  6:03  Protoss Ground Weapons Level 1 (Chrono Boost)  
  82  6:05  Pylon  
  82  6:15  Assimilator, Gateway  
  82  6:16  Assimilator, Gateway  
  82  6:19  Probe x3  
  82  6:21  Immortal  
  89  6:33  High Templar x2  
  89  6:35  Probe x2, Pylon  
  89  6:36  Probe  
  89  6:39  Psionic Storm  
  96  6:45  Pylon  
  96  6:48  Probe  
  96  6:49  Probe x2  
  96  6:53  Zealot x2  
  103  6:54  Zealot  
  103  6:56  Zealot  
  107  7:03  Probe x3  
  107  7:04  Immortal (Chrono Boost)  
  114  7:12  Pylon  
  114  7:13  Pylon  
  114  7:17  Probe x3  
  114  7:19  High Templar x2  
  121  7:28  Zealot x2  
  125  7:32  Pylon  
  125  7:33  Pylon  
  125  7:34  Pylon x2  
  125  7:36  Pylon  
  125  7:40  Immortal (Chrono Boost)  
  129  7:45  Photon Cannon  
  129  7:46  High Templar x2  
  133  7:52  Zealot x2, Archon  
  133  7:53  Zealot, Protoss Ground Weapons Level 2 (Chrono Boost)  
  133  7:54  Zealot  
  141  7:59  Photon Cannon  
  141  8:00  High Templar x2  
  141  8:04  Archon  
  145  8:08  Photon Cannon  
  145  8:10  Pylon  
  145  8:14  Observer (Chrono Boost)  
  145  8:17  Pylon  
  144  8:31  Immortal (Chrono Boost)  
  143  8:41  Photon Cannon  
  147  8:42  Photon Cannon  
  147  8:43  High Templar x2  
  151  8:50  Archon  
  151  8:56  Nexus, Photon Cannon  
  151  8:58  Photon Cannon, Pylon  
  151  9:02  Immortal (Chrono Boost)  
  151  9:09  Robotics Facility  
  155  9:18  Zealot  
  155  9:19  Zealot x7  
  171  9:27  Pylon  
  171  9:35  Immortal (Chrono Boost)  
  175  9:41  Assimilator  
  175  9:43  Assimilator  
  175  9:46  Probe x3  
  175  9:49  High Templar x2  
  182  9:56  Fleet Beacon  
  182  9:57  Stargate  
  182  9:59  Protoss Ground Weapons Level 3  
  182  10:02  Stargate  
  182  10:04  Protoss Air Weapons Level 1  
  178  10:14  Photon Cannon  
  178  10:15  Photon Cannon  
  178  10:19  Warp Prism (Chrono Boost)  
  178  10:21  Immortal (Chrono Boost)  
  172  10:48  Carrier x3 (Chrono Boost)  
  176  10:58  Photon Cannon, High Templar x2  
  170  11:07  Photon Cannon  
  170  11:09  Photon Cannon  
  170  11:10  Probe x3  
  173  11:13  Immortal (Chrono Boost)  
  173  11:17  Immortal (Chrono Boost)  
  180  11:34  Stalker x2  
  180  11:35  Zealot x3  
  180  11:40  Zealot x2  
  180  11:42  Zealot  
  180  11:45  Observer  
  185  11:49  Observer  
  185  11:52  Archon  
  179  11:55  Zealot x3  
  174  12:13  Zealot x2  
  174  12:14  Zealot x2  
  181  12:16  Zealot x3  
  181  12:20  Probe x3  
  181  12:21  Probe  
  175  12:32  High Templar  
  175  12:35  Warp Prism (Chrono Boost)  
  173  12:40  Mothership (Chrono Boost)  
  173  12:43  High Templar x4  
  183  12:44  High Templar x2  
  183  12:48  Archon x3  
  184  13:15  Carrier x2 (Chrono Boost)  
  184  13:22  Graviton Catapult  
  184  13:26  Protoss Air Weapons Level 2  
  175  14:00  Zealot x5  
  175  14:01  Zealot x3  
  187  14:04  Carrier (Chrono Boost)  
  193  14:10  Photon Cannon  
  193  14:12  Photon Cannon  
  191  14:24  Zealot  
  183  14:27  Observer  
  182  14:35  Zealot x6  
  182  14:36  Zealot  
  187  14:53  Photon Cannon  
  187  14:55  Photon Cannon  
  187  14:56  Zealot x5  
  187  14:58  Observer  
  183  15:12  High Templar x3  
  189  15:17  Nexus  
  189  15:18  High Templar  
  189  15:20  Archon, High Templar  
  189  15:21  High Templar  
  195  15:22  High Templar x2  
  195  15:23  Archon  
  195  15:27  Archon x2  
  199  15:37  Nexus  
  181  15:58  High Templar x7  
  181  15:59  High Templar  
  181  16:02  Archon x3  
  181  16:03  Archon  
  155  16:34  Zealot x6  
  155  16:35  Zealot x2  
  166  16:42  Archon  
  166  16:43  Archon  
  158  17:05  High Templar x2  
  158  17:06  High Templar x2  
Tags
 
Add a new tag
Caveats
  • Supply blocks, unpowered buildings, or Contaminate may cause inaccurate times.
  • Supply counts are checked every 10 seconds.